 Dungeon Crawl Stone Soup version 0.19.4-12-gccf7e64 (webtiles) character file.

159701 doot the Stickfighter (level 16, -10/128 HPs)
             Began as a Grey Draconian Chaos Knight on Feb 19, 2017.
             Was an Elder of Hepliaklqana.
             Mangled by a slime creature (14 damage)
             ... on level 4 of the Abyss on Feb 26, 2017.
             The game lasted 05:09:06 (44151 turns).

doot the Stickfighter (DrCK)                       Turns: 44151, Time: 05:09:08

Health: -10/128    AC: 20    Str: 15    XL:     16   Next: 90%
Magic:  47/47      EV: 19    Int: 24    God:    Hepliaklqana [****..]
Gold:   2500       SH:  0    Dex: 15    Spells: 8 memorised, 5 levels left

rFire  + . .     SeeInvis .     h - +3 lajatang of Moodiness {vamp, rElec MR- Int+4}
rCold  + . .     Gourm    .     (armour unavailable)
rNeg   + . .     Faith    +     (shield currently unavailable)
rPois  .         Spirit   .     (helmet restricted)
rElec  +         Reflect  .     D - +2 cloak
rCorr  .         Harm     .     d - +2 pair of gloves {archery}
MR     .....     Rnd*Rage +     (no boots)
Stlth  +.........               i - amulet "Ninaps" {Faith MP+9 Int+3 Stlth-}
                                v - ring of magical power
                                y - ring of the Thistle {rN+ Str+4 Stlth+}

@: confused, about to teleport, afraid, very slightly contaminated, hasted,
invisible, very quick
A: walk through water, unfitting armour, reduced essence, antennae 1, beak,
hooves 1, berserk 2, cold resistance 1, fire resistance 1, sense surroundings 1,
screaming 1, weak 1, unbreathing, no device heal 1, cold-blooded, MP-powered
wands, AC +14
a: Recall Ancestor, Ancestor Identity, Transference, Idealise, Renounce Religion
}: 1/15 runes: slimy


You were on level 4 of the Abyss.
You worshipped Hepliaklqana.
Hepliaklqana was greatly pleased with you.
You were near starving.

You visited 9 branches of the dungeon, and saw 33 of its levels.
You visited the Abyss 1 time.
You also visited: Bailey and Ice Cave.

You collected 3165 gold pieces.
You spent 665 gold pieces at shops.

Inventory:

Hand Weapons
 h - the +3 lajatang of Moodiness (weapon) {vamp, rElec MR- Int+4}
   (Xom gifted it to you on level 1 of the Dungeon)

   It inflicts no extra harm, but heals its wielder when it wounds a living foe.
   It affects your intelligence (+4).
   It insulates you from electricity.
   It affects your resistance to hostile enchantments.
 B - a +0 great mace
 H - a +3 shortbow of velocity
 L - a +3 glaive of chopping
Armour
 d - a +2 pair of gloves of archery (worn)
 D - a +2 cloak (worn)
Jewellery
 i - the amulet "Ninaps" (around neck) {Faith MP+9 Int+3 Stlth-}
   (You found it on level 5 of the Pits of Slime)

   [amulet of faith]

   It allows you to gain divine favour quickly.
   It affects your intelligence (+3).
   It affects your magic capacity (+9).
   It makes you less stealthy.
 j - an uncursed ring of protection from cold
 o - a +2 ring of protection
 q - an uncursed ring of poison resistance
 v - a ring of magical power (right hand)
 x - a +3 ring of intelligence
 y - the ring of the Thistle (left hand) {rN+ Str+4 Stlth+}
   (You found it on level 5 of the Pits of Slime)

   [ring of stealth]

   It affects your strength (+4).
   It protects you from negative energy.
   It makes you more stealthy.
 F - an uncursed amulet of rage
 S - a +2 amulet of reflection
 X - an uncursed ring of see invisible
Wands
 e - a wand of acid (3/15)
 k - a wand of teleportation (0/9)
 m - a wand of hasting (2/9)
 K - a wand of digging (13/24)
 Y - a wand of flame (30/48)
Scrolls
 c - 5 scrolls of immolation
 g - a scroll of brand weapon
 p - 13 scrolls of remove curse
 r - 2 scrolls of magic mapping
 s - 9 scrolls of identify
 u - 4 scrolls of recharging
 w - a scroll of fog
 z - 2 scrolls of teleportation
 C - 3 scrolls of enchant weapon
 G - 3 scrolls of enchant armour
 I - 2 scrolls of fear
 M - a scroll of amnesia
Potions
 b - 6 potions of brilliance
 t - 7 potions of curing
Books
 a - a book of Changes

   Spells                             Type                      Level
   a - Beastly Appendage              Transmutation                1
   b - Sticks to Snakes               Transmutation                2
   c - Spider Form                    Transmutation/Poison         3
   d - Ice Form                       Ice/Transmutation            4
   e - Blade Hands                    Transmutation                5
 A - a book of the Earth

   Spells                             Type                      Level
   a - Leda's Liquefaction            Hexes/Earth                  4
   b - Bolt of Magma                  Conjuration/Fire/Earth       5
   c - Statue Form                    Transmutation/Earth          6
   d - Iron Shot                      Conjuration/Earth            6
   e - Shatter                        Earth                        9
 E - a book of Transfigurations

   Spells                             Type                      Level
   a - Irradiate                      Conjuration/Transmutation    5
   b - Statue Form                    Transmutation/Earth          6
   c - Hydra Form                     Transmutation                6
   d - Dragon Form                    Transmutation                7
 J - a book of Maledictions

   Spells                             Type                      Level
   a - Corona                         Hexes                        1
   b - Ensorcelled Hibernation        Hexes/Ice                    2
   c - Confuse                        Hexes                        3
   d - Tukima's Dance                 Hexes                        3
   e - Dazzling Spray                 Conjuration/Hexes            3
 O - a book of Frost

   Spells                             Type                      Level
   a - Freeze                         Ice                          1
   b - Throw Frost                    Conjuration/Ice              2
   c - Ozocubu's Armour               Charms/Ice                   3
   d - Throw Icicle                   Conjuration/Ice              4
   e - Summon Ice Beast               Ice/Summoning                4
 P - a book of Misfortune

   Spells                             Type                      Level
   a - Confusing Touch                Hexes                        1
   b - Confuse                        Hexes                        3
   c - Gell's Gravitas                Hexes/Translocation          3
   d - Petrify                        Transmutation/Earth          4
   e - Metabolic Englaciation         Hexes/Ice                    5
   f - Yara's Violent Unravelling     Hexes/Transmutation          5
 Q - a book of Debilitation

   Spells                             Type                      Level
   a - Corona                         Hexes                        1
   b - Slow                           Hexes                        2
   c - Gell's Gravitas                Hexes/Translocation          3
   d - Inner Flame                    Hexes/Fire                   3
   e - Cause Fear                     Hexes                        4
   f - Leda's Liquefaction            Hexes/Earth                  4
 U - a book of Ice

   Spells                             Type                      Level
   a - Ice Form                       Ice/Transmutation            4
   b - Metabolic Englaciation         Hexes/Ice                    5
   c - Ozocubu's Refrigeration        Ice                          6
   d - Bolt of Cold                   Conjuration/Ice              6
   e - Freezing Cloud                 Conjuration/Ice/Air          6
   f - Simulacrum                     Ice/Necromancy               6
Miscellaneous
 n - a phial of floods
 R - a phantom mirror
 V - a crystal ball of energy
Comestibles
 l - 12 bread rations
 W - 33 fruits


   Skills:
 + Level 13.0 Fighting
 + Level 3.8(10.8) Maces & Flails
 + Level 15.0(15.2) Staves
 + Level 9.7 Dodging
 + Level 7.0 Stealth
   Level 0.6 Shields
 + Level 0.6 Unarmed Combat
 + Level 9.4 Spellcasting
 + Level 2.8 Conjurations
 + Level 7.7 Hexes
 + Level 3.2 Charms
 + Level 6.9 Necromancy
 + Level 1.1 Transmutations
 + Level 0.2 Fire Magic
   Level 4.2 Ice Magic
 * Level 14.4 Earth Magic
 + Level 0.2 Evocations


You had 5 spell levels left.
You knew the following spells:

 Your Spells              Type           Power        Failure   Level  Hunger
a - Confuse               Hex            #####...     1%          3    None
b - Regeneration          Chrm/Necr      #####.....   2%          3    None
c - Control Undead        Necr           #####.....   3%          4    ##.....
d - Animate Dead          Necr           N/A          3%          4    ##.....
e - Leda's Liquefaction   Hex/Erth       ######....   1%          4    ##.....
f - Cause Fear            Hex            #####.....   2%          4    ##.....
g - Beastly Appendage     Tmut           ###...       4%          1    None
h - Bolt of Magma         Conj/Fire/Erth #####.....   17%         5    ####...


Dungeon Overview and Level Annotations

Branches:
Dungeon (15/15)            Temple (1/1) D:5            Lair (6/6) D:11
 Shoals (1/4) Lair:3       Spider (1/4) Lair:4        Slime (5/5) Lair:6
    Orc (2/2) D:11            Elf (1/3) Orc:2        Vaults (1/5) D:13
 Depths (0/5) D:15

Altars:
Ashenzari
Cheibriados
Dithmenos
Elyvilon
Fedhas
Gozag
Hepliaklqana
Kikubaaqudgha
Makhleb
Nemelex Xobeh
Okawaru
Qazlal
Ru
Sif Muna
Trog
Uskayaw
Vehumet
Xom
Yredelemnul
Zin
The Shining One
Beogh
Jiyva

Shops:
D:4 !   D:7 !   Orc:2 [[[!   Elf:1 :

Annotations:
Slime:5 Royal Jelly


Innate Abilities, Weirdness & Mutations

You can walk through water.
Your dull iron-grey scales are very hard. (AC +14)
You cannot fit into any form of body armour.
You can survive without breathing.
You are cold-blooded and may be slowed by cold attacks.
Your life essence is reduced. (-10% HP)
You have a pair of small antennae on your head.
You have a beak for a mouth.
You have large cloven feet.
You often lose your temper in combat.
Your flesh is cold resistant. (rC+)
Your flesh is heat resistant. (rF+)
You passively map a small area around you.
You occasionally shout uncontrollably at your foes.
You are weak. (Str -2)
Potions and wands are less effective at restoring your health.
You expend magic power (3 MP) to strengthen your wands.


Message History

A large abomination comes into view.
You shout at the large abomination!
You're too confused to move!
The raiju barks!
The slime creature quivers.
The golden eye blinks at you.
You are more confused.
The small abomination misses you. The golden eye blinks at you.
You are more confused.
The slime creature jiggles.
The slime creature barely misses you.
You bump into the stone wall.
The slime creature quivers.
The small abomination hits you!
* * * LOW HITPOINT WARNING * * *
The small abomination closely misses you.
The slime creature hits you!
You die...
Xom chortles! # # ###XX#### ##hhXxXx@# #.hX#X#xJ# #.w1XG##xG #.z22Xw#XJX ##x2w###Jxhx #.XGxXXJ###h #.#.XJJJ#G##h ∩.'x#XJx#zGxX. ###.. ..#

You could see 3 cacodemons, 2 tentacled starspawn, an Executioner, 8 slime creatures, a shining eye, 2 glowing orange brains, 14 large abominations, 6 raiju, 11 small abominations, 3 starspawn tentacles, 2 flying skulls and 2 golden eyes.

Vanquished Creatures
  An Executioner (Abyss:4)
  Frances (D:12)
  A frost giant (IceCv)
  The ghost of nikopol the Severer, a journeyman MiBe of Trog (Orc:2)
  An ironheart preserver (Vaults:1)
  A stone giant (Orc:1)
  A deep elf demonologist (Elf:1)
  Nessos (D:15)
  Snorg (D:11)
  An ettin (Orc:1)
  3 great orbs of eyes
  2 hydras
  A centaur warrior (D:15)
  An ogre mage (D:13)
  A tengu warrior (D:10)
  2 death yaks (Lair:6)
  5 orc high priests
  A wretched star (Abyss:4)
  A swamp dragon (D:7)
  4 unseen horrors
  2 glowing orange brains (D:12)
  5 hill giants
  A deep elf archer (Elf:1)
  2 lindwurms
  4 harpies (Vaults:1)
  3 orc knights
  2 orc sorcerers
  A deep elf mage (Orc:2)
  A shining eye (D:13)
  A manticore (D:14)
  3 cyclopes
  18 ugly things
  Joseph (D:10)
  3 elephants
  An ice statue (IceCv)
  3 black mambas
  8 torpor snails (Lair:6)
  9 spiny frogs
  An eye of devastation (Abyss:4)
  2 gargoyles
  A demonic crawler (Lair:4)
  A smoke demon (Abyss:4)
  10 yaktaurs
  A kobold demonologist (D:15)
  8 komodo dragons
  A freezing wraith (D:15)
  4 jumping spiders
  13 polar bears
  5 trolls
  2 tengu conjurers (D:14)
  3 tyrant leeches (Lair:6)
  5 two-headed ogres
  4 blink frogs (Lair:4)
  A merfolk (Shoals:1)
  3 hornets (Lair:6)
  17 hippogriffs
  7 dream sheep (Lair:6)
  A raiju (Lair:4)
  A snapping turtle (D:10)
  6 redbacks
  3 water elementals (D:15)
  5 wraiths
  A centaur simulacrum (D:13)
  51 yaks
  A shadow (D:14)
  2 hungry ghosts
  3 wyverns
  2 basilisks
  A fire bat (Abyss:4)
  5 large abominations (Abyss:4)
  A steam dragon (D:9)
  A neqoxec (Abyss:4)
  Grum (D:11)
  4 vampire mosquitoes (D:13)
  5 wargs
  Menkaure (D:5)
  Edmund (D:4)
  9 water moccasins
  The ghost of Shufflesack the Conjurer, an amateur DECj (D:4)
  2 hell hounds (D:11)
  4 porcupines
  Duvessa (D:7)
  3 ice beasts
  3 sky beasts
  21 orc warriors
  3 black bears
  8 phantoms
  11 ogres
  2 necrophages
  37 wolves
  22 centaurs
  15 crocodiles
  2 big kobolds
  19 bullfrogs
  2 gnoll sergeants
  Dowan (D:7)
  A scorpion (D:3)
  25 killer bees
  2 small abominations (Abyss:4)
  11 wights
  5 electric eels
  5 howler monkeys
  2 bullfrog zombies
  10 crimson imps
  A starcursed mass (Abyss:4)
  5 centaur zombies
  2 quasits
  40 jellies
  29 orc priests
  3 bullfrog skeletons
  8 hounds
  6 centaur skeletons
  20 orc wizards
  Crazy Yiuf (D:7)
  4 iguanas
  8 worker ants
  A hound zombie (D:10)
  A hound skeleton (D:4)
  A worker ant zombie (D:11)
  18 adders
  27 gnolls
  2 shadow imps (D:5)
  2 white imps (D:13)
  2 oozes
  2 adder skeletons
  An adder zombie (D:5)
  3 worms
  4 dart slugs
  10 leopard geckos
  88 orcs
  8 bats
  4 giant cockroaches
  17 goblins
  8 hobgoblins
  3 jackals (D:3)
  22 kobolds
  2 quokkas
  4 ball pythons (D:3)
  6 frilled lizards
  2 jackal skeletons (D:4)
  A leopard gecko skeleton (D:4)
  A quokka zombie (D:9)
  4 rats
  2 fungi
  A macabre mass (Abyss:4)
885 creatures vanquished.

Vanquished Creatures (collateral kills)
  A frost giant (D:15)
  An orc warlord (Orc:1)
  A yaktaur captain (Vaults:1)
  Josephine (D:12)
  A great orb of eyes (D:13)
  4 hydras
  2 centaur warriors
  A death yak (IceCv)
  A catoblepas (D:15)
  A tengu warrior (D:15)
  4 orc high priests (Orc:2)
  A deep elf knight (Orc:2)
  A shadow wraith (Abyss:4)
  3 unseen horrors
  A lindwurm (Lair:6)
  A deep elf archer (Elf:1)
  2 deep elf magi (Elf:1)
  A harpy (Vaults:1)
  3 hill giants
  An orc sorcerer (Orc:2)
  A manticore (D:14)
  2 cyclopes (D:14)
  An elephant (Lair:3)
  9 ugly things
  A centaur zombie (D:12)
  Maurice (Orc:2)
  A centaur skeleton (D:14)
  A torpor snail (Lair:6)
  A gargoyle (D:14)
  A komodo dragon (Lair:4)
  A demonic crawler (Lair:4)
  2 yaktaurs (Vaults:1)
  A troll (Orc:2)
  2 jumping spiders
  A polar bear (D:13)
  A hornet (Lair:6)
  A two-headed ogre (D:13)
  2 large abominations (Abyss:4)
  A snapping turtle (Lair:3)
  3 redbacks (Lair:4)
  4 wraiths
  2 centaur simulacra
  2 yaks (IceCv)
  3 fire bats (Abyss:4)
  A water elemental (Orc:2)
  A basilisk (Lair:4)
  A mottled dragon (D:15)
  2 wargs (Orc:1)
  3 floating eyes (IceCv)
  2 water moccasins
  7 orc warriors
  3 ice beasts
  An eye of draining (D:15)
  3 ogres
  3 necrophages
  4 centaurs
  4 wolves
  A gnoll sergeant (D:13)
  A bullfrog (Lair:4)
  A small abomination (Abyss:4)
  A scorpion (D:14)
  23 jellies
  A wight (D:13)
  3 electric eels
  A bullfrog zombie (D:12)
  12 orc priests (Orc:2)
  9 orc wizards
  An adder (D:3)
  A shadow imp (D:12)
  A white imp (D:13)
  29 orcs
  3 bushes (D:12)
  A butterfly (Lair:3)
  2 fungi
  A plant (Lair:6)
204 creatures vanquished.

Vanquished Creatures (others)
  3 acid blobs (Slime:5)
  2 azure jellies (Slime:5)
  A death ooze (Slime:5)
  A minotaur (D:1)
  2 shining eyes (Slime:5)
  A troll (D:1)
  4 slime creatures
  2 spriggans (D:1)
  2 formicids (D:1)
  A vampire (D:1)
  2 yaks (IceCv)
  3 humans (D:1)
  A golden eye (Slime:5)
  A dwarf (D:1)
  4 wolves (IceCv)
  A centaur (D:1)
  An ogre (D:1)
  A bullfrog (D:8)
  7 knights
  12 ancestors
  A killer bee (D:11)
  9 jellies
  A crimson imp (D:11)
  A hound (D:10)
  2 worker ants
  A leopard gecko (D:2)
  4 orcs
  A rat (D:1)
  8 fungi
  17 plants
  A starspawn tentacle (Abyss:4)
  6 tentacles
104 creatures vanquished.

Grand Total: 1193 creatures vanquished

Notes
Turn   | Place    | Note
-------+----------+-------------------------------------------
     0 | D:1      | doot the Draconian Chaos Knight began the quest for the Orb.
     0 | D:1      | Reached XP level 1. HP: 19/19 MP: 1/1
     2 | D:1      | Noticed a troll
     2 | D:1      | Noticed a vampire
     2 | D:1      | Noticed a human
     2 | D:1      | Noticed a centaur
     2 | D:1      | Noticed a formicid
     2 | D:1      | Noticed a minotaur
     2 | D:1      | Noticed a formicid
     2 | D:1      | Noticed a kraken
     2 | D:1      | Noticed a human
     2 | D:1      | Noticed a spriggan
     2 | D:1      | Noticed a human
     2 | D:1      | Noticed a spriggan
     2 | D:1      | Noticed a dwarf
     2 | D:1      | Noticed an ogre
     5 | D:1      | Killed a vampire
     6 | D:1      | Killed a human
     6 | D:1      | Killed a human
     7 | D:1      | Killed a centaur
     8 | D:1      | Killed a formicid
     9 | D:1      | Killed a minotaur
     9 | D:1      | Killed a troll
    10 | D:1      | Killed a human
    11 | D:1      | Killed a formicid
    11 | D:1      | Killed a spriggan
    13 | D:1      | Killed a spriggan
    13 | D:1      | Killed a dwarf
    15 | D:1      | Killed an ogre
   121 | D:1      | Reached XP level 2. HP: 19/26 MP: 2/2
   379 | D:1      | XOM: god gift: scorched lajatang {god gift}
   380 | D:1      | Got a scorched lajatang {god gift}
   384 | D:1      | Identified the +3 lajatang of Moodiness {vamp, rElec MR- Int+4} (Xom gifted it to you on level 1 of the Dungeon)
   399 | D:1      | XOM: divination: detect creatures
   437 | D:1      | XOM: mild Tloc miscast
   696 | D:2      | Reached XP level 3. HP: 33/33 MP: 3/3
   706 | D:2      | XOM: harmless Fire miscast
   958 | D:2      | Reached skill level 1 in Staves
   961 | D:2      | Reached XP level 4. HP: 37/40 MP: 4/4
  1130 | D:2      | Found a shadowy altar of Dithmenos.
  1134 | D:2      | Found a glowing silver altar of Zin.
  1523 | D:3      | XOM: potion effect (agility)
  1530 | D:3      | XOM: potion effect (haste)
  1532 | D:3      | Reached skill level 2 in Staves
  1532 | D:3      | Reached XP level 5. HP: 47/47 MP: 5/5
  1893 | D:3      | XOM: potion effect (curing)
  1979 | D:3      | XOM: potion effect (berserk rage)
  1987 | D:3      | Reached skill level 3 in Staves
  2225 | D:3      | XOM: silly message
  2268 | D:3      | XOM: divination: detect creatures
  2340 | D:3      | XOM: harmless Tloc miscast
  2345 | D:3      | XOM: fake destruction
  2348 | D:3      | Reached XP level 6. HP: 41/53 MP: 6/6
  2527 | D:3      | XOM: 4-stop teleportation journey
  2540 | D:3      | Found a blossoming altar of Fedhas.
  2540 | D:3      | Found a shattered altar of Ashenzari.
  2556 | D:3      | Found a hazy altar of Hepliaklqana.
  2558 | D:3      | Found a burning altar of Makhleb.
  2559 | D:3      | Found a white marble altar of Elyvilon.
  2641 | D:3      | XOM: summons 6 friendly demons
  2663 | D:4      | Noticed Shufflesack's ghost (amateur DECj)
  2664 | D:4      | XOM: confusion (+ monsters)
  2668 | D:4      | Reached skill level 4 in Staves
  2759 | D:4      | Found a glowing golden altar of the Shining One.
  2824 | D:4      | XOM: harmless Air miscast
  3094 | D:4      | XOM: enchant monster (bad)
  3097 | D:4      | XOM: cast spell 'Summon Butterflies'
  3136 | D:4      | Found Jokkup's Distillery.
  3146 | D:4      | Bought a potion of heal wounds for 50 gold pieces
  3146 | D:4      | Bought a potion of heal wounds for 50 gold pieces
  3251 | D:4      | XOM: 1-stop teleportation journey
  3266 | D:4      | Reached skill level 5 in Staves
  3267 | D:4      | XOM: polymorph ooze -> killer bee
  3272 | D:4      | Your scales start taking on a dull iron-grey colour.
  3272 | D:4      | Reached XP level 7. HP: 58/60 MP: 7/7
  3272 | D:4      | Gained mutation: You can survive without breathing. [Grey Draconian growth]
  3510 | D:4      | Noticed Edmund
  3525 | D:4      | Killed Edmund
  3525 | D:4      | Reached skill level 5 in Fighting
  3587 | D:4      | XOM: cast spell 'Ice Form'
  3592 | D:4      | Killed Shufflesack's ghost
  3592 | D:4      | Reached skill level 6 in Staves
  3797 | D:4      | XOM: god gift: scroll labeled WIPTIV SUNERASH {god gift}
  3823 | D:5      | Entered Level 5 of the Dungeon
  3905 | D:5      | XOM: divination: magic mapping
  3967 | D:5      | Reached skill level 1 in Stealth
  3967 | D:5      | Reached XP level 8. HP: 58/68 MP: 8/8
  4082 | D:5      | Found a staircase to the Ecumenical Temple.
  4088 | Temple   | Entered the Ecumenical Temple
  4203 | D:5      | Found a radiant altar of Vehumet.
  4258 | D:5      | XOM: divination: detect items
  4311 | D:5      | XOM: harmless Tloc miscast
  4359 | D:5      | XOM: harmless Tloc miscast
  4489 | D:5      | Noticed Menkaure
  4491 | D:5      | XOM: cast spell 'Dispersal'
  4496 | D:5      | Killed Menkaure
  4496 | D:5      | Reached skill level 7 in Staves
  4563 | D:5      | XOM: god gift: scimitar {god gift}
  4725 | D:5      | XOM: scenery: create altars
  4812 | D:6      | XOM: harmless Ice miscast
  4954 | D:5      | XOM: enchant monster (good)
  4956 | D:6      | XOM: noise
  5011 | D:5      | XOM: give mutations
  5011 | D:5      | Gained mutation: You are resistant to electric shocks. (rElec) [Xom's mischief]
  5011 | D:5      | Gained mutation: You are clumsy. (Dex -2) [Xom's mischief]
  5071 | D:6      | XOM: swap monsters
  5114 | D:6      | XOM is BORED!
  5114 | D:6      | XOM: summons 1 hostile shadow creature
  5166 | D:6      | Reached skill level 8 in Staves
  5233 | D:6      | XOM: medium Hex miscast
  5234 | D:6      | XOM: summons 2 friendly demons
  5237 | D:6      | XOM: noise
  5239 | D:6      | XOM: potion effect (invisibility)
  5259 | D:6      | XOM: medium Air miscast
  5370 | D:6      | XOM: summons 4 hostile demons
  5436 | D:5      | XOM: noise
  5484 | D:6      | Learned a level 3 spell: Confuse
  5724 | D:7      | Noticed Duvessa
  5724 | D:7      | Noticed Dowan
  5762 | D:7      | Reached skill level 5 in Dodging
  5845 | D:7      | Reached skill level 1 in Hexes
  5845 | D:7      | Reached XP level 9. HP: 75/75 MP: 9/9
  6076 | D:7      | Found Ibieff's Distillery.
  6118 | D:7      | Noticed a swamp dragon
  6118 | D:7      | a hippogriff changed into a swamp dragon
  6118 | D:7      | XOM: polymorph hippogriff -> swamp dragon
  6119 | D:7      | XOM: harmless Pois miscast
  6121 | D:7      | XOM: enchant monster (bad)
  6134 | D:7      | Killed a swamp dragon
  6134 | D:7      | Reached skill level 9 in Staves
  6203 | D:7      | XOM: torment (30/78 hp)
  6522 | D:7      | XOM: harmless Air miscast
  6554 | D:7      | Found a runed door.
  6558 | D:7      | Noticed Crazy Yiuf
  6563 | D:7      | Killed Crazy Yiuf
  6731 | D:7      | Killed Duvessa
  6816 | D:7      | Killed Dowan
  6842 | D:7      | XOM: confusion
  7202 | D:7      | XOM: medium Summ miscast
  7263 | D:7      | XOM: mild Fire miscast
  7312 | D:7      | Gained mutation: You are somewhat resistant to further mutation. [mutagenic meat]
  7315 | D:7      | Gained mutation: Your system is resistant to poisons. (rPois) [mutagenic meat]
  7555 | D:7      | XOM: noise
  7562 | D:7      | Reached skill level 1 in Spellcasting
  8089 | D:7      | XOM: give mutation
  8089 | D:7      | Lost mutation: You are somewhat resistant to further mutation. [Xom's mischief]
  8130 | D:8      | XOM: chaos upgrade
  8141 | D:8      | Reached skill level 10 in Staves
  8179 | D:7      | Reached XP level 10. HP: 77/86 MP: 11/11
  8259 | D:8      | Found an opulent altar of Gozag.
  8348 | D:8      | XOM: give mutations
  8348 | D:8      | Gained mutation: Scrolls take you a little longer to read. [Xom's mischief]
  8348 | D:8      | Gained mutation: You are weak. (Str -2) [Xom's mischief]
  8411 | D:8      | Noticed a cyclops
  8705 | D:8      | Found a basalt altar of Yredelemnul.
  8820 | D:8      | XOM: give mutations
  8820 | D:8      | Lost mutation: You are weak. (Str -2) [Xom's mischief]
  8820 | D:8      | Gained mutation: You are very clumsy. (Dex -4) [Xom's mischief]
  8820 | D:8      | Gained mutation: Your muscles are strong. (Str +2) [Xom's mischief]
  8915 | D:8      | Killed a cyclops
  8922 | D:8      | XOM: give mutations
  8922 | D:8      | Lost mutation: Scrolls take you a little longer to read. [Xom's mischief]
  8922 | D:8      | Gained mutation: Your flesh is cold resistant. (rC+) [Xom's mischief]
  8922 | D:8      | Lost mutation: Your muscles are strong. (Str +2) [Xom's mischief]
  8922 | D:8      | Gained mutation: Your body sometimes deteriorates upon taking damage. [Xom's mischief]
  9041 | D:8      | Found a hide-covered altar of Uskayaw.
  9064 | D:8      | XOM: mild Chrm miscast
  9122 | D:8      | XOM: give mutations
  9122 | D:8      | Lost mutation: You are very clumsy. (Dex -4) [Xom's mischief]
  9122 | D:8      | Gained mutation: Scrolls take you a little longer to read. [Xom's mischief]
  9122 | D:8      | Gained mutation: Your flesh is very cold resistant. (rC++) [Xom's mischief]
  9237 | D:9      | XOM: give mutation
  9237 | D:9      | Gained mutation: You have sharp fingernails. [Xom's mischief]
  9288 | D:9      | XOM: polymorph killer bee -> hound
  9403 | D:9      | XOM: summons friendly crimson imp
  9436 | D:9      | Reached skill level 11 in Staves
  9441 | D:9      | XOM: blink monster(s)
  9457 | D:9      | XOM: confusion
  9461 | D:9      | XOM: scenery: create altars
  9492 | D:8      | XOM: polymorph yak -> jumping spider
  9508 | D:7      | Lost mutation: Your body sometimes deteriorates upon taking damage. [potion of cure mutation]
  9508 | D:7      | Lost mutation: You have sharp fingernails. [potion of cure mutation]
  9508 | D:7      | Lost mutation: You are clumsy. (Dex -2) [potion of cure mutation]
  9508 | D:7      | Lost mutation: Scrolls take you a little longer to read. [potion of cure mutation]
  9508 | D:7      | Lost mutation: You are resistant to electric shocks. (rElec) [potion of cure mutation]
  9508 | D:7      | Lost mutation: Your system is resistant to poisons. (rPois) [potion of cure mutation]
  9517 | D:7      | XOM: give mutations
  9517 | D:7      | Gained mutation: You are robust. (+10% HP) [Xom's mischief]
  9517 | D:7      | Gained mutation: You are weak. (Str -2) [Xom's mischief]
  9517 | D:7      | Gained mutation: You are dopey. (Int -2) [Xom's mischief]
  9517 | D:7      | Gained mutation: Your body sometimes deteriorates upon taking damage. [Xom's mischief]
  9524 | D:8      | XOM: harmless Necr miscast
  9593 | D:9      | XOM: swap monsters
  9842 | D:9      | XOM: noise
 10004 | D:9      | XOM: harmless Fire miscast
 10102 | D:9      | XOM: harmless Tmut miscast
 10260 | D:10     | Entered Level 10 of the Dungeon
 10274 | D:10     | Reached XP level 11. HP: 81/104 MP: 12/14
 10326 | D:10     | XOM: swap monsters
 10368 | D:9      | XOM: mild Pois miscast
 10384 | D:9      | XOM: summons 3 hostile shadow creatures
 10634 | D:10     | Noticed Joseph
 10644 | D:10     | Killed Joseph
 10660 | D:10     | Learned a level 3 spell: Regeneration
 10759 | D:10     | Reached skill level 1 in Necromancy
 10983 | D:10     | Reached skill level 12 in Staves
 11032 | D:10     | XOM: draining
 11123 | D:10     | Noticed a hill giant
 11124 | D:10     | XOM: swap monsters
 11129 | D:10     | XOM: harmless Conj miscast
 11131 | D:10     | XOM: enchant monster (good)
 11146 | D:10     | XOM: polymorph iguana -> killer bee
 11299 | D:9      | XOM: give mutations
 11299 | D:9      | Gained mutation: You are agile. (Dex +2) [Xom's grace]
 11299 | D:9      | Gained mutation: You have a pair of small antennae on your head. [Xom's grace]
 11299 | D:9      | Gained mutation: You can translocate small distances at will. [Xom's grace]
 11299 | D:9      | Lost mutation: You are dopey. (Int -2) [Xom's grace]
 11331 | D:9      | XOM: god gift: scroll labeled MUJAUTOMAW {god gift}
 11358 | D:9      | XOM: cloud trail
 11394 | D:10     | a hill giant changed into a snapping turtle
 11394 | D:10     | XOM: polymorph hill giant -> snapping turtle
 11398 | D:10     | XOM: summons 7 friendly demons
 11551 | D:10     | Noticed a tengu warrior
 11579 | D:10     | XOM: polymorph tengu conjurer -> basilisk
 11601 | D:10     | XOM: 4-stop teleportation journey
 11684 | D:10     | XOM: give mutations
 11684 | D:10     | Gained mutation: Scrolls take you a little longer to read. [Xom's mischief]
 11684 | D:10     | Gained mutation: You are resistant to electric shocks. (rElec) [Xom's mischief]
 11712 | D:10     | XOM: enchant monster (good)
 11720 | D:10     | Killed a tengu warrior
 11758 | D:10     | XOM: give mutations
 11758 | D:10     | Gained mutation: You possess an exceptional clarity of mind. [Xom's grace]
 11758 | D:10     | Gained mutation: Your tail ends in a poisonous barb. [Xom's grace]
 11758 | D:10     | Gained mutation: You passively map a small area around you. [Xom's grace]
 11882 | D:11     | XOM: stealth player
 11899 | D:11     | Noticed Snorg
 12071 | D:11     | XOM: fog
 12072 | D:11     | XOM: blink monster(s)
 12159 | D:11     | XOM: scenery: create altars
 12287 | D:11     | XOM: give mutations
 12287 | D:11     | Gained mutation: You are very agile. (Dex +4) [Xom's grace]
 12287 | D:11     | Gained mutation: You have a beak for a mouth. [Xom's grace]
 12287 | D:11     | Gained mutation: Your mind is acute. (Int +2) [Xom's grace]
 12315 | D:11     | XOM: god gift: 30 gold pieces
 12330 | D:11     | XOM: 4-stop teleportation journey
 12350 | D:11     | Noticed a hill giant
 12359 | D:11     | XOM: summons friendly shadow imp
 12360 | D:11     | XOM: confuse monster(s)
 12372 | D:11     | XOM: 7-stop teleportation journey
 12383 | D:11     | Found a staircase to the Orcish Mines.
 12427 | D:11     | Killed a hill giant
 12467 | D:11     | Found a staircase to the Lair.
 12497 | D:11     | Learned a level 2 spell: Throw Frost
 12797 | D:11     | Noticed an unseen horror
 12801 | D:11     | Killed an unseen horror
 12801 | D:11     | Reached skill level 1 in Charms
 12801 | D:11     | Reached skill level 1 in Ice Magic
 12825 | D:11     | XOM: polymorph jelly -> crocodile
 12834 | D:11     | XOM: god gift: 41 gold pieces
 12894 | D:11     | Noticed Grum
 12898 | D:11     | XOM: fog
 12908 | D:11     | XOM: scenery: 1 doors open, 1 doors close
 12939 | D:11     | XOM: scenery: create altars
 12979 | D:11     | Learned a level 4 spell: Animate Dead
 13017 | D:11     | Killed Grum
 13021 | D:11     | XOM: silly message
 13048 | D:11     | XOM: enchant monster (bad)
 13071 | D:11     | Noticed a four-headed hydra
 13152 | D:11     | XOM: summons 5 hostile demons
 13153 | D:11     | XOM: potion effect (might)
 13160 | D:11     | Killed Snorg
 13160 | D:11     | Reached XP level 12. HP: 96/115 MP: 17/17
 13174 | D:11     | XOM: silly message
 13404 | D:11     | XOM: give mutation
 13404 | D:11     | Gained mutation: Your large and strong wings let you fly indefinitely. [Xom's grace]
 13475 | D:11     | XOM: cast spell 'Olgreb's Toxic Radiance'
 13494 | D:11     | Killed an eight-headed hydra
 13523 | D:11     | XOM: silly message
 13543 | D:11     | XOM: noise
 13798 | D:12     | XOM: blink monster(s)
 13855 | D:12     | Found a flagged portal.
 13882 | Bailey   | Entered a bailey
 14182 | Bailey   | Found a burning altar of Makhleb.
 14295 | D:12     | Noticed an eight-headed hydra
 14327 | D:12     | Noticed Josephine
 14327 | D:12     | XOM: summons 4 friendly demons
 14339 | D:12     | XOM: divination: magic mapping
 14350 | D:12     | XOM: cast spell 'Summon Butterflies'
 14361 | D:11     | XOM: mild Air miscast
 14407 | Orc:1    | Entered Level 1 of the Orcish Mines
 14431 | Orc:1    | XOM: harmless Fire miscast
 14443 | Orc:1    | Noticed a stone giant
 14565 | Lair:1   | Entered Level 1 of the Lair of Beasts
 14571 | Lair:1   | Reached skill level 10 in Fighting
 14581 | Lair:1   | XOM: mild Chrm miscast
 14678 | Lair:1   | XOM: cast spell 'Call Canine Familiar'
 14713 | Lair:1   | Learned a level 4 spell: Leda's Liquefaction
 14979 | Lair:1   | XOM: harmless Necr miscast
 15077 | Lair:1   | You fall through a shaft!
 15111 | Lair:1   | Reached skill level 1 in Earth Magic
 15184 | Lair:1   | XOM: potion effect (invisibility)
 15418 | Lair:1   | XOM: silly message
 15556 | Lair:2   | Identified 2 scrolls of acquirement
 15665 | Lair:2   | Reached skill level 13 in Staves
 15802 | Lair:2   | Reached skill level 5 in Spellcasting
 16134 | Lair:3   | XOM: potion effect (experience)
 16134 | Lair:3   | Reached XP level 13. HP: 124/124 MP: 20/20
 16158 | Lair:2   | XOM: divination: magic mapping
 16173 | Lair:3   | XOM: potion effect (invisibility)
 16401 | Lair:3   | Found a staircase to the Shoals.
 16416 | Lair:3   | XOM: harmless Necr miscast
 16446 | Lair:3   | Reached skill level 5 in Hexes
 16487 | Lair:3   | XOM: harmless Erth miscast
 16548 | Lair:3   | XOM: mild Conj miscast
 16595 | Lair:3   | Learned a level 4 spell: Cause Fear
 16671 | Lair:3   | Identified a -1 rod of clouds (10/10) (You found it on level 3 of the Lair of Beasts)
 16741 | Lair:3   | XOM: enchant monster (good)
 16756 | Lair:3   | XOM: destruction
 16846 | Lair:3   | Learned a level 1 spell: Beastly Appendage
 17342 | Lair:3   | XOM: cloud trail
 17647 | Lair:4   | XOM: divination: detect creatures
 17741 | Lair:4   | XOM: god gift: gold wand {god gift}
 17940 | Lair:4   | Reached skill level 5 in Stealth
 17958 | Lair:4   | Found a hole to the Spider Nest.
 18043 | Lair:4   | XOM: god gift: potion of heal wounds
 18396 | Lair:5   | Reached XP level 14. HP: 130/134 MP: 22/22
 18527 | Lair:5   | Reached skill level 10 in Earth Magic
 18614 | Lair:5   | XOM: cloud trail
 18690 | Lair:5   | XOM: god gift: 51 gold pieces
 18714 | Lair:5   | XOM: god gift: scroll of enchant armour
 18898 | Lair:5   | XOM: cast spell 'Cause Fear'
 18991 | Lair:5   | XOM: polymorph komodo dragon -> raiju
 18999 | Lair:5   | XOM: enchant monster (good)
 19090 | Lair:4   | XOM: give mutations
 19090 | Lair:4   | Gained mutation: You passively map the area around you. [Xom's grace]
 19090 | Lair:4   | Gained mutation: You have a pair of antennae on your head. [Xom's grace]
 19090 | Lair:4   | Gained mutation: Your flesh is almost immune to the effects of cold. (rC+++) [Xom's grace]
 19267 | Lair:4   | XOM: cleaving
 19479 | Lair:5   | XOM: silly message
 19879 | Lair:5   | XOM: divination: detect items
 19942 | Lair:6   | Entered Level 6 of the Lair of Beasts
 19958 | Lair:6   | Identified the cursed +1 ring mail of Good Intentions {rElec rN+ Slay+2 Stlth+} (You found it on level 6 of the Lair of Beasts)
 19982 | Lair:6   | XOM: potion effect (brilliance)
 19997 | Lair:6   | Reached skill level 5 in Necromancy
 19998 | Lair:6   | XOM: harmless Erth miscast
 20175 | Lair:6   | XOM: noise
 20209 | Lair:6   | Found a viscous altar of Jiyva.
 20210 | Lair:6   | Found a staircase to the Slime Pits.
 20281 | Lair:6   | XOM: harmless Air miscast
 20403 | Lair:6   | XOM: mild Hex miscast
 20952 | Lair:6   | Found a runed door.
 21035 | Lair:6   | XOM: scenery: create altars
 21043 | Lair:6   | XOM: severe Necr miscast
 21260 | Lair:5   | XOM: medium Pois miscast
 21438 | Lair:4   | Reached skill level 1 in Transmutations
 21842 | D:11     | XOM: summons 7 hostile demons
 22036 | D:11     | XOM: summons 7 hostile demons
 22142 | D:11     | XOM: smoke on damage
 22142 | D:11     | XOM: torment (68/134 hp)
 22254 | D:11     | XOM: mild Conj miscast
 22328 | Lair:1   | XOM is BORED!
 22328 | Lair:1   | XOM: severe Tmut miscast
 22328 | Lair:1   | Gained mutation: Your magical capacity is low. (-10% MP) [the severe capriciousness of Xom]
 22328 | Lair:1   | Lost mutation: You are very agile. (Dex +4) [the severe capriciousness of Xom]
 22673 | Lair:6   | XOM: smoke on damage
 22758 | Lair:6   | XOM: give mutation
 22758 | Lair:6   | Gained mutation: You have sharp toenails. [Xom's grace]
 22762 | Lair:6   | XOM: cloud trail
 23029 | Lair:6   | Fell from the grace of Xom
 23029 | Lair:6   | Became a worshipper of Jiyva Jachotta the Shapeless
 23077 | Lair:5   | 17 hydre
 23599 | D:1      | Reached * piety under Jiyva
 24656 | D:6      | Reached ** piety under Jiyva
 24918 | D:7      | Reached *** piety under Jiyva
 24922 | D:7      | Lost mutation: You are robust. (+10% HP) [Jiyva's grace]
 25038 | D:8      | Lost mutation: You possess an exceptional clarity of mind. [Jiyva's grace]
 25063 | D:8      | Reached **** piety under Jiyva
 25402 | D:9      | Reached ***** piety under Jiyva
 26216 | D:10     | Lost mutation: Your tail ends in a poisonous barb. [Jiyva's grace]
 26472 | D:11     | Lost mutation: Your flesh is almost immune to the effects of cold. (rC+++) [Jiyva's grace]
 26741 | D:11     | Reached ****** piety under Jiyva
 26846 | Lair:5   | Noticed an acid blob
 26846 | Lair:5   | a 17-headed hydra changed into an acid blob
 27160 | Lair:5   | Lost mutation: Your magical capacity is low. (-10% MP) [Jiyva's grace]
 28181 | Slime:1  | Entered Level 1 of the Pits of Slime
 28181 | Slime:1  | Found a viscous altar of Jiyva.
 28181 | Slime:1  | Noticed an acid blob
 28225 | Slime:2  | Noticed an acid blob
 28235 | Slime:4  | Noticed an acid blob
 28235 | Slime:4  | Noticed an acid blob
 28238 | Slime:4  | Noticed an acid blob
 28241 | Slime:5  | Entered Level 5 of the Pits of Slime
 28244 | Slime:5  | Noticed an azure jelly
 28246 | Slime:5  | Noticed an acid blob
 28247 | Slime:5  | Noticed an acid blob
 28249 | Slime:5  | Noticed the Royal Jelly
 28249 | Slime:5  | Lost mutation: Scrolls take you a little longer to read. [Jiyva's grace]
 28250 | Slime:5  | Found a viscous altar of Jiyva.
 28250 | Slime:5  | Noticed an acid blob
 28251 | Slime:5  | Noticed an acid blob
 28255 | Slime:5  | Noticed an acid blob
 28255 | Slime:5  | Lost mutation: Your large and strong wings let you fly indefinitely. [Jiyva's grace]
 28256 | Slime:5  | Noticed an azure jelly
 28257 | Slime:5  | Noticed an acid blob
 28257 | Slime:5  | Lost mutation: Your flesh is very cold resistant. (rC++) [Jiyva's grace]
 28258 | Slime:5  | Noticed an acid blob
 28262 | Slime:5  | Lost mutation: You have a pair of antennae on your head. [Jiyva's grace]
 28273 | Slime:5  | Noticed an acid blob
 28276 | Slime:5  | Noticed an acid blob
 28279 | Slime:5  | Got a slimy rune of Zot
 28281 | Slime:5  | Gained mutation: Your large and strong wings let you fly indefinitely. [Jiyva's grace]
 28289 | Slime:5  | Got a scintillating golden ring
 28293 | Slime:5  | Identified the ring of the Thistle {rN+ Str+4 Stlth+} (You found it on level 5 of the Pits of Slime)
 28302 | Slime:5  | Killed an acid blob
 28304 | Slime:5  | Identified the amulet "Ninaps" {Faith MP+9 Int+3 Stlth-} (You found it on level 5 of the Pits of Slime)
 28305 | Slime:5  | Noticed an acid blob
 28311 | Slime:5  | Killed an azure jelly
 28327 | Slime:5  | Got a transparent large shield
 28330 | Slime:5  | Identified the +6 mace of Elacwut {crush, *Rage rPois MR+ Int+8} (You found it on level 5 of the Pits of Slime)
 28340 | Slime:5  | Killed an acid blob
 28343 | Slime:5  | Killed an azure jelly
 28349 | Slime:5  | Noticed an acid blob
 28351 | Slime:5  | Killed an acid blob
 28589 | D:11     | Lost mutation: Your body sometimes deteriorates upon taking damage. [Jiyva's power]
 28590 | D:11     | Lost mutation: You are weak. (Str -2) [Jiyva's power]
 28867 | D:3      | Fell from the grace of Jiyva
 28868 | D:3      | Became a worshipper of Hepliaklqana the Forgotten
 29328 | D:11     | Learned a level 4 spell: Control Undead
 29460 | Orc:1    | Found a burning altar of Makhleb.
 29481 | Orc:1    | Killed a stone giant
 29802 | Orc:2    | Entered Level 2 of the Orcish Mines
 29814 | Orc:2    | XOM: mild Divn miscast
 29833 | Orc:2    | Found a roughly hewn altar of Beogh.
 29935 | Orc:2    | Noticed Maurice
 29967 | Orc:2    | Killed Maurice
 30094 | Orc:2    | Noticed an orc warlord
 30200 | Orc:2    | Noticed nikopol's ghost (journeyman MiBe)
 31101 | D:12     | Killed Josephine
 31273 | D:12     | Found a blossoming altar of Fedhas.
 31511 | D:12     | Noticed Frances
 31602 | D:12     | XOM: give mutations
 31602 | D:12     | Lost mutation: Your mind is acute. (Int +2) [Xom's mischief]
 31602 | D:12     | Lost mutation: You are resistant to electric shocks. (rElec) [Xom's mischief]
 31602 | D:12     | Gained mutation: You occasionally shout uncontrollably at your foes. [Xom's mischief]
 31602 | D:12     | Lost mutation: You passively map the area around you. [Xom's mischief]
 31896 | D:13     | Reached * piety under Hepliaklqana
 31950 | D:13     | XOM: 3-stop teleportation journey
 32003 | D:13     | Reached skill level 14 in Staves
 32007 | D:13     | Found a frozen archway.
 32046 | IceCv    | Entered an ice cave
 32199 | IceCv    | Got a jewelled cloak
 32210 | IceCv    | Identified the cursed +0 cloak of Indemnity {Stlth+} (You found it in an ice cave)
 32321 | IceCv    | Paralysed by a floating eye for 4 turns
 32499 | IceCv    | Reached XP level 15. HP: 117/117 MP: 25/25
 32541 | IceCv    | Gained mutation: You are frail. (-10% HP) [mutagenic glow]
 32584 | IceCv    | Gained mutation: Your body sometimes deteriorates upon taking damage. [mutagenic glow]
 32624 | IceCv    | Gained mutation: Your magical capacity is low. (-10% MP) [mutagenic glow]
 32655 | IceCv    | Gained mutation: You sometimes yell uncontrollably at your foes. [mutagenic glow]
 32801 | IceCv    | XOM: give mutations
 32801 | IceCv    | Lost mutation: You are frail. (-10% HP) [Xom's mischief]
 32801 | IceCv    | Lost mutation: Your body sometimes deteriorates upon taking damage. [Xom's mischief]
 32830 | IceCv    | XOM: summons 12 hostile demons
 32879 | IceCv    | Noticed a frost giant
 32892 | IceCv    | Killed a frost giant
 33074 | IceCv    | XOM: severe Fire miscast
 33500 | D:13     | Paralysed by a great orb of eyes for 5 turns
 33552 | D:13     | Reached ** piety under Hepliaklqana
 33553 | D:13     | Remembered your ancestor Apparicio as a knight
 33589 | D:13     | Gained mutation: You tend to lose your temper in combat. [the vengeance of Jiyva]
 33589 | D:13     | Gained mutation: Potions and wands are less effective at restoring your health. [the vengeance of Jiyva]
 33679 | D:13     | Found a gate to the Vaults.
 34339 | D:14     | Gained mutation: You often lose your temper in combat. [the vengeance of Jiyva]
 35622 | D:15     | Entered Level 15 of the Dungeon
 35642 | D:15     | XOM: medium Summ miscast
 35692 | D:15     | Noticed Nessos
 35876 | Shoals:1 | Entered Level 1 of the Shoals
 35879 | Shoals:1 | Noticed a kraken
 36004 | Spider:1 | Entered Level 1 of the Spider Nest
 36037 | Spider:1 | Reached *** piety under Hepliaklqana
 36260 | Lair:4   | Gained mutation: You are frail. (-10% HP) [the vengeance of Jiyva]
 36260 | Lair:4   | Gained mutation: Scrolls take you a little longer to read. [the vengeance of Jiyva]
 36674 | Orc:2    | Killed nikopol's ghost
 36853 | Orc:2    | Learned a level 5 spell: Bolt of Magma
 36876 | Orc:2    | XOM: enchant monster (bad)
 37235 | Orc:2    | Reached skill level 1 in Conjurations
 37397 | Orc:2    | Found a staircase to the Elven Halls.
 37412 | Orc:2    | XOM: medium Fire miscast
 37686 | Orc:1    | Killed an orc warlord
 38103 | Orc:2    | Found Barch's Antique Armour Shop.
 38103 | Orc:2    | Found Viom's Armour Emporium.
 38140 | Orc:2    | Reached XP level 16. HP: 112/112 MP: 25/25
 38249 | Orc:2    | Found a roughly hewn altar of Beogh.
 38259 | Orc:2    | Found Lini Ara's Distillery.
 38259 | Orc:2    | Found Unaeroyh's Antique Armour Emporium.
 38859 | D:7      | Bought a potion of heal wounds for 70 gold pieces
 38859 | D:7      | Bought a potion of heal wounds for 70 gold pieces
 39405 | D:15     | Killed Nessos
 39857 | D:15     | Found a sacrificial altar of Ru.
 40582 | D:15     | Found a staircase to the Depths.
 40610 | D:15     | Gained mutation: You expend magic power (3 MP) to strengthen your wands. [the vengeance of Jiyva]
 40610 | D:15     | Gained mutation: You have an uncontrollable temper. [the vengeance of Jiyva]
 40644 | D:15     | Upgraded the game from 0.19.4-9-g45fd643 to 0.19.4-12-gccf7e64
 40761 | D:12     | Killed Frances
 40801 | D:12     | XOM: harmless Air miscast
 40913 | D:12     | XOM: divination: detect items
 41308 | Lair:5   | XOM: silly message
 42196 | Elf:1    | Entered Level 1 of the Elven Halls
 42196 | Elf:1    | Reached **** piety under Hepliaklqana
 42196 | Elf:1    | Found Ismua's Book Emporium.
 42385 | Orc:2    | Reached skill level 15 in Staves
 42472 | Orc:2    | XOM: harmless Chrm miscast
 42585 | Orc:1    | Was forgiven by Jiyva
 42623 | Orc:1    | XOM: harmless Divn miscast
 42779 | D:13     | Lost mutation: You are frail. (-10% HP) [potion of cure mutation]
 42779 | D:13     | Lost mutation: Your magical capacity is low. (-10% MP) [potion of cure mutation]
 42779 | D:13     | Lost mutation: You have sharp toenails. [potion of cure mutation]
 42779 | D:13     | Lost mutation: Your large and strong wings let you fly indefinitely. [potion of cure mutation]
 42897 | Orc:2    | Bought a potion of cure mutation for 425 gold pieces
 42897 | Orc:2    | Lost mutation: Scrolls take you a little longer to read. [potion of cure mutation]
 42897 | Orc:2    | Lost mutation: You can translocate small distances at will. [potion of cure mutation]
 42897 | Orc:2    | Lost mutation: You have an uncontrollable temper. [potion of cure mutation]
 43021 | Vaults:1 | Entered Level 1 of the Vaults
 43057 | D:13     | Gained mutation: Your flesh is heat resistant. (rF+) [mutagenic meat]
 43069 | D:13     | XOM: silly message
 43093 | D:13     | Paralysed by a great orb of eyes for 7 turns
 43107 | D:13     | Gained mutation: You are frail. (-10% HP) [mutagenic meat]
 43109 | D:13     | Gained mutation: You have large cloven feet. [mutagenic meat]
 43110 | D:13     | Lost mutation: You are frail. (-10% HP) [mutagenic meat]
 43116 | D:13     | Lost mutation: You are agile. (Dex +2) [mutagenic meat]
 43117 | D:13     | Lost mutation: You sometimes yell uncontrollably at your foes. [mutagenic meat]
 43414 | Vaults:1 | XOM: harmless Summ miscast
 43630 | Vaults:1 | Cast into level 3 of the Abyss (a deep elf sorcerer)
 43730 | Abyss:4  | XOM: enchant monster (bad)
 43810 | Abyss:4  | Noticed an Executioner
 43818 | Abyss:4  | Killed an Executioner
 44078 | Abyss:4  | Noticed a tentacled starspawn
 44125 | Abyss:4  | Noticed an Executioner
 44126 | Abyss:4  | Noticed a tentacled starspawn
 44127 | Abyss:4  | Gained mutation: You are weak. (Str -2) [a shining eye]
 44134 | Abyss:4  | HP: 6/128 [Executioner (11)]
 44147 | Abyss:4  | Noticed a tentacled starspawn
 44151 | Abyss:4  | HP: 4/128 [small abomination (11)]
 44151 | Abyss:4  | Mangled by a slime creature

Skill      XL: |  1  2  3  4  5  6  7  8  9 10 11 12 13 14 15 16 |
---------------+-------------------------------------------------+-----
Fighting       | 4 5 6 7 8 9 10 11 12 13 | 13.0
Staves         | 1 2 3 5 6 8 10 11 12 13 14 15 | 15.0
Dodging        | 3 4 5 6 7 8 9 |  9.7
Stealth        | 1 2 3 4 5 6 7 |  7.0
Hexes          | 1 3 4 5 6 7 |  7.7
Spellcasting   | 1 2 3 5 6 8 9 |  9.4
Necromancy     | 4 5 6 |  6.9
Charms         | 1 2 3 |  3.2
Ice Magic      | 2 4 |  4.2
Earth Magic    | 9 11 13 14 | 14.4
Transmutations | 1 |  1.1
Conjurations   | 1 2 |  2.8
Maces & Flails | |  3.8
Shields        | |  0.6
Unarmed Combat | |  0.6
Fire Magic     | |  0.2
Evocations     | |  0.2

Action                   |  1- 3 |  4- 6 |  7- 9 | 10-12 | 13-15 | 16-18 || total
-------------------------+-------+-------+-------+-------+-------+-------++-------
Melee: Mace              |    26 |       |       |       |       |       ||    26
       Tailslap          |     7 |    20 |    46 |   108 |   265 |    89 ||   535
       Lajatang          |    62 |   190 |   388 |   896 |  1798 |   435 ||  3769
       Unarmed           |       |       |     6 |       |       |       ||     6
       Peck              |       |       |       |    79 |   362 |   124 ||   565
       Kick              |       |       |       |       |   415 |   168 ||   583
 Cast: Confuse           |       |       |     3 |    67 |   114 |    61 ||   245
       Regeneration      |       |       |       |    13 |    78 |    20 ||   111
       Throw Frost       |       |       |       |     5 |       |       ||     5
       Animate Dead      |       |       |       |     5 |    57 |     3 ||    65
       Beastly Appendage |       |       |       |       |    13 |       ||    13
       Leda's Liquefacti |       |       |       |       |     8 |       ||     8
       Cause Fear        |       |       |       |       |    10 |     1 ||    11
       Control Undead    |       |       |       |       |    16 |     1 ||    17
       Bolt of Magma     |       |       |       |       |     2 |     6 ||     8
Invok: Request Jelly     |       |       |       |       |     3 |       ||     3
       Cure Bad Mutation |       |       |       |       |     2 |       ||     2
       Ancestor Identity |       |       |       |       |     2 |       ||     2
       Recall Ancestor   |       |       |       |       |    11 |    10 ||    21
       Slimify           |       |       |       |       |     1 |       ||     1
       Renounce Religion |       |       |       |       |     1 |       ||     1
       Ancestor Life: Kn |       |       |       |       |     1 |       ||     1
 Abil: Fly               |       |       |       |     4 |     8 |     2 ||    14
       Stop Flying       |       |       |       |     4 |     8 |     2 ||    14
       Blink             |       |       |       |       |     1 |       ||     1
Evoke: Wand              |       |       |     1 |       |     7 |     4 ||    12
  Use: Scroll            |     3 |     2 |    10 |     9 |    21 |     4 ||    49
       Potion            |       |       |     1 |     7 |    13 |    12 ||    33
 Stab: Sleeping          |     1 |     2 |     3 |     3 |    15 |     2 ||    26
       Invisible         |       |       |     1 |     2 |     1 |       ||     4
       Confused          |       |       |       |    13 |    18 |    14 ||    45
       Distracted        |       |       |       |     1 |    18 |     6 ||    25
       Paralysed         |       |       |       |       |     1 |       ||     1
       Petrified         |       |       |       |       |     4 |       ||     4
  Eat: Bread ration      |     1 |       |       |       |       |       ||     1
       Chunk             |       |     8 |    15 |    24 |    26 |    14 ||    87
       Fruit             |       |       |     4 |     2 |       |       ||     6
       Pizza             |       |       |     1 |     1 |     1 |       ||     3
       Meat ration       |       |       |       |     1 |     9 |     3 ||    13
       Beef jerky        |       |       |       |     3 |     1 |     1 ||     5
       Royal jelly       |       |       |       |     2 |       |       ||     2
Armor: Skin              |    24 |    62 |   142 |   327 |   660 |   149 ||  1364
Dodge: Dodged            |    62 |   157 |   305 |   691 |  1375 |   364 ||  2954
Block: Other             |       |       |       |    31 |    30 |       ||    61
       Reflection        |       |       |       |     6 |       |       ||     6
